 Dungeon Crawl Stone Soup version 0.31.0-9-g3a7656b989 (webtiles) character file.

Game seed: 12087970486212350311

1465 qw the Skirmisher (level 8, -6/46 HPs)
             Began as a Deep Elf Hunter on Feb 2, 2024.
             Mangled by a wyvern (15 damage)
             ... on level 6 of the Dungeon.
             The game lasted 00:00:18 (5573 turns).

qw the Skirmisher (Deep Elf Hunter)                 Turns: 5573, Time: 00:00:18

Health: -6/46      AC:  5    Str: 10    XL:     8   Next: 48%
Magic:  10/10      EV: 14    Int: 15    God:
Gold:   284        SH:  0    Dex: 18    Spells: 7/7 levels left

rFire   + + .        o - +0 orcbow
rCold   . . .        (shield currently unavailable)
rNeg    . . .        c - +0 leather armour of Tudiud {rElec rF+ rCorr}
rPois   +            d - +0 helmet
rElec   +            (no cloak)
rCorr   +            f - +0 pair of gloves
SInv    .            (no boots)
Will    .....        (no amulet)
Stlth   ++           j - ring of poison resistance
HPRegen 0.27/turn    g - ring of protection from fire
MPRegen 0.12/turn

%: no passive effects
@: about to teleport
A: no striking features
a: no special abilities


You were on level 6 of the Dungeon.
You visited 1 branch of the dungeon, and saw 6 of its levels.

You collected 284 gold pieces.


   Skills:
 - Level 3.4 Fighting
 - Level 12.8 Ranged Weapons
 - Level 1.0 Armour
 + Level 4.7 Dodging
 - Level 1.2 Stealth


You had 7 spell levels left.
You didn't know any spells.
Your spell library was empty.

Inventory:

Hand Weapons
 o - a +0 orcbow (weapon)
Armour
 c - the +0 leather armour of Tudiud (worn) {rElec rF+ rCorr}
   (You found it on level 3 of the Dungeon)

   rF+:       It protects you from fire.
   rElec:     It insulates you from electricity.
   rCorr:     It protects you from acid and corrosion.
 d - a +0 helmet (worn)
 f - a +0 pair of gloves (worn)
 l - a +0 scale mail
Jewellery
 g - a ring of protection from fire (right hand)
 j - a ring of poison resistance (left hand)
Wands
 b - a wand of paralysis (8)
 k - a wand of acid (3)
Scrolls
 a - a scroll of identify
 i - a scroll of teleportation
Potions
 e - a potion of curing
 h - a potion of degeneration {unknown}
 m - a potion of resistance {unknown}

Dungeon Overview and Level Annotations

Branches:
Dungeon (6/15)
 Temple: D:4-7

Altars:
Vehumet

Annotations:
D:5 1 runed translucent door, Crazy Yiuf


Message History

b - a wand of paralysis (8)
An ice beast comes into view.
You shoot an arrow. The arrow hits the ice beast!
The ice beast is moderately wounded.
A wyvern comes into view.
You shoot an arrow. The arrow barely misses the wyvern.
The arrow hits the ice beast!
The ice beast is severely wounded.
You shoot an arrow. The arrow barely misses the wyvern.
You shoot an arrow. The arrow hits the wyvern.
The wyvern is lightly wounded.
The wyvern misses you.
You shoot an arrow.
The arrow hits the wyvern but does no damage.
The wyvern is lightly wounded.
The wyvern barely misses you. x2
You shoot an arrow. The arrow hits the wyvern.
The wyvern is lightly wounded.
The wyvern bites you!
You shoot an arrow. The arrow barely misses the wyvern.
The wyvern bites you.
The wyvern bites you but does no damage.
You shoot an arrow.
The arrow hits the wyvern but does no damage.
The wyvern is lightly wounded.
The wyvern bites you.
You shoot an arrow.
The arrow hits the ice beast but does no damage.
The ice beast is severely wounded.
The wyvern bites you! The ice beast misses you.
You shoot an arrow.
The arrow hits the ice beast but does no damage.
The ice beast is severely wounded.
The wyvern bites you but does no damage.
The ice beast closely misses you. The wyvern bites you!
5573 ||| READING 2 scrolls of teleportation.
As you read the scroll of teleportation, it crumbles to dust.
You feel strangely unstable. The wyvern bites you!
You die...

## .. .# ... .##
.... ##..
....###.. #
......Y.# .#
..[~.~k@# #.#
~~~~~.~.###.#
~~~~~~......+#####
~.~~~~~.#.........
~~~.~~~#..#.......
..#~~~~##.........
. #~~~~#....#####
#~~~~#.....##
#~~~##)...<.#


You could see a wyvern and an ice beast.

Vanquished Creatures
  Pikel (D:5)
  Prince Ribbit (D:5)
  An ice beast (D:4)
  An ogre (D:5)
  A lemure (D:5)
  2 scorpions (D:5)
  A bullfrog (D:4)
  A bombardier beetle (D:4)
  A hound (D:5)
  3 orc priests
  A sleepcap (D:6)
  2 iguanas
  An orc wizard (D:5)
  3 gnolls (D:4)
  3 adders
  3 shadow imps (D:6)
  2 dart slugs (D:2)
  2 ribbon worms
  7 orcs
  6 bats
  11 endoplasms
  4 giant cockroaches
  5 goblins
  4 hobgoblins
  3 jackals (D:3)
  3 quokkas
  16 ball pythons
  4 frilled lizards
  7 kobolds
  3 rats
103 creatures vanquished.

Notes
Turn   | Place    | Note
-------+----------+-------------------------------------------
     0 | D:1      | qw the Deep Elf Hunter began the quest for the Orb.
     0 | D:1      | Reached XP level 1. HP: 12/12 MP: 3/3
     0 | D:1      | 0 ||| qw: Version: 0.3-a-155-g5e7d8dd
     0 | D:1      | 0 ||| qw: Game counter: 2705
     0 | D:1      | 0 ||| qw: Melee chars always use a shield: true
     0 | D:1      | 0 ||| qw: God list: Okawaru
     0 | D:1      | 0 ||| qw: Allow faded altars: false
     0 | D:1      | 0 ||| qw: Do Orc after clearing Dungeon:15 true
     0 | D:1      | 0 ||| qw: Do second Lair branch before Depths: true
     0 | D:1      | 0 ||| qw: Lair rune preference: random
     0 | D:1      | 0 ||| qw: Goals: Normal
     0 | D:1      | 0 ||| PLANNING D:1-11
   163 | D:1      | 163 ||| READING scroll labelled FECSACZUMP.
   163 | D:1      | 163 ||| ENCHANTING +0 shortbow.
   164 | D:1      | 164 ||| DROPPING scroll of butterflies.
   399 | D:1      | Found a faded altar of an unknown god.
   473 | D:1      | Reached skill level 6 in Ranged Weapons
   473 | D:1      | Reached XP level 2. HP: 16/16 MP: 4/4
   751 | D:1      | HP: 4/16 [frozen (5)]
  1334 | D:1      | 1334 ||| UPGRADING to +0 helmet.
  1339 | D:1      | 1339 ||| UPGRADING to ring of poison resistance.
  1340 | D:1      | 1340 ||| READING scroll labelled KUIHEEL FEOSAGG.
  1341 | D:1      | 1341 ||| READING scroll labelled VUONTA ULAVONG.
  1342 | D:1      | 1342 ||| READING scroll labelled JAHEOTWUETH.
  1343 | D:1      | 1343 ||| READING 3 scrolls labelled HUX NUSESAUWISEIL.
  1699 | D:2      | 1699 ||| FLEEEEING.
  1702 | D:2      | 1702 ||| FLEEEEING.
  1748 | D:2      | Reached XP level 3. HP: 20/20 MP: 5/5
  2274 | D:2      | 2274 ||| UPGRADING to +0 pair of gloves.
  2279 | D:2      | 2279 ||| UPGRADING to +0 scale mail.
  2289 | D:2      | 2289 ||| DROPPING +0 leather armour.
  2290 | D:2      | 2290 ||| READING scroll labelled ASHOIX FUTZUSS.
  2291 | D:2      | 2291 ||| READING scroll labelled XYESAL DEWOMEU.
  2292 | D:2      | 2292 ||| DRINKING 2 emerald potions.
  2293 | D:2      | 2293 ||| DROPPING potion of brilliance.
  2312 | D:3      | Reached skill level 7 in Ranged Weapons
  2338 | D:3      | Identified the +0 leather armour of Tudiud {rElec rF+
                  | rCorr}
  2440 | D:3      | HP: 5/20 [jackal (2)]
  2441 | D:3      | 2441 ||| READING 3 scrolls of teleportation.
  2444 | D:3      | Reached XP level 4. HP: 6/25 MP: 6/6
  2791 | D:3      | Reached skill level 8 in Ranged Weapons
  2875 | D:3      | Reached skill level 1 in Armour
  3158 | D:3      | 3158 ||| UPGRADING to +0 leather armour of Tudiud {rElec
                  | rF+ rCorr}.
  3168 | D:3      | 3168 ||| UPGRADING to ring of protection from fire.
  3188 | D:4      | Noticed an ice beast
  3198 | D:4      | Killed an ice beast
  3199 | D:4      | Reached skill level 9 in Ranged Weapons
  3199 | D:4      | Reached XP level 5. HP: 29/29 MP: 7/7
  3222 | D:4      | Reached skill level 3 in Dodging
  3222 | D:4      | Reached XP level 6. HP: 34/34 MP: 8/8
  3796 | D:4      | Found a radiant altar of Vehumet.
  4474 | D:4      | 4474 ||| DRINKING 2 puce potions.
  4475 | D:4      | 4475 ||| DRINKING 2 blue potions.
  4517 | D:5      | Entered Level 5 of the Dungeon
  4534 | D:5      | 4534 ||| FLEEEEING.
  4535 | D:5      | 4535 ||| FLEEEEING.
  4537 | D:5      | 4537 ||| FLEEEEING.
  4658 | D:5      | Noticed Prince Ribbit
  4659 | D:5      | 4659 ||| DRINKING potion of haste.
  4667 | D:5      | Killed Prince Ribbit
  4668 | D:5      | Reached skill level 10 in Ranged Weapons
  4668 | D:5      | Reached XP level 7. HP: 40/40 MP: 9/9
  4835 | D:5      | Found a runed translucent door.
  4836 | D:5      | Noticed Crazy Yiuf
  4852 | D:5      | Noticed Pikel
  4852 | D:5      | 4852 ||| RETREEEEATING.
  4854 | D:5      | 4854 ||| ZAPPING wand of acid (10) at 5,1 (Pikel; floor).
  4855 | D:5      | 4855 ||| ZAPPING wand of acid (9) at 4,0 (Pikel; floor).
  4856 | D:5      | 4856 ||| ZAPPING wand of acid (8) at 3,0 (Pikel; floor).
  4857 | D:5      | 4857 ||| ZAPPING wand of acid (7) at 2,0 (Pikel; floor).
  4858 | D:5      | 4858 ||| ZAPPING wand of acid (6) at 1,0 (Pikel; floor).
  4859 | D:5      | 4859 ||| ZAPPING wand of acid (5) at 1,0 (Pikel; floor).
  4860 | D:5      | 4860 ||| ZAPPING wand of acid (4) at 1,0 (Pikel; floor).
  4860 | D:5      | Killed Pikel
  4861 | D:5      | Reached skill level 12 in Ranged Weapons
  4861 | D:5      | Reached XP level 8. HP: 30/44 MP: 10/10
  5385 | D:5      | Reached skill level 3 in Fighting
  5451 | D:5      | 5451 ||| SWAPPING to +0 orcbow.
  5452 | D:5      | 5452 ||| DROPPING +1 shortbow.
  5514 | D:5      | 5514 ||| READING scroll labelled OTI QYNUURCHONE.
  5514 | D:5      | 5514 ||| IDENTIFYING fuming golden potion
  5515 | D:5      | 5515 ||| DROPPING potion of attraction.
  5572 | D:6      | HP: 8/46 [wyvern (16)]
  5573 | D:6      | 5573 ||| READING 2 scrolls of teleportation.
  5573 | D:6      | Mangled by a wyvern

Levels and vault maps discovered:
D:1:      amcnicky_arrival_flooded_fountain, layout_basic,
          shapermc_ecumenical_altar_flowoftime,
          nicolae_concentric_dashed_squares_mild
D:2:      layout_loops_corners, st_stairs_7
D:3:      layout_basic, minmay_shallow_snake_nest
D:4:      layout_layer_cave, vehumet_crystals
D:5:      layout_loops_ring, uniq_pikel, uniq_prince_ribbit1,
          uniq_crazy_yiuf_cottage
D:6:      layout_rooms, zin_purify, minmay_temple_entry_statues_fountains,
          serial_rivers, chequers_serial_rivers_room_a,
          chequers_serial_rivers_room_a, chequers_serial_rivers_large_a,
          chequers_serial_rivers_room_b

Skill      XL: |  1  2  3  4  5  6  7  8 |
---------------+-------------------------+-----
Ranged Weapons | 6 7 9 10 12 | 12.8
Armour         | 1 |  1.0
Dodging        | 3 4 |  4.7
Fighting       | 2 3 |  3.4
Stealth        | |  1.2

Action                     |  1- 3 |  4- 6 |  7- 9 || total
---------------------------+-------+-------+-------++-------
   Fire: Shortbow          |   109 |   129 |    72 ||   310
         Orcbow            |       |       |    20 ||    20
  Evoke: Wand              |       |       |     7 ||     7
    Use: Scroll            |     8 |       |     2 ||    10
         Potion            |     1 |     3 |       ||     4
 Armour: Leather armour    |     7 |    22 |    23 ||    52
         Scale mail        |    23 |    26 |       ||    49
  Dodge: Dodged            |    18 |    39 |    12 ||    69

Table legend:
 A = Non-vault XP
 B = Vault XP
 C = Vault XP percentage of total XP
 D = Non-vault monster count
 E = Vault monster count
 F = Vault count percentage of total count
                 A         B        C        D         E       F
            +---------+---------+-------+---------+---------+-------
      Total |    1116 |     977 |  46.7 |      92 |      10 |   9.8
            +---------+---------+-------+---------+---------+-------
        D:1 |      24 |       0 |   0.0 |      14 |       0 |   0.0
        D:2 |      36 |       2 |   5.3 |      20 |       1 |   4.8
        D:3 |      98 |      23 |  19.0 |      26 |       7 |  21.2
        D:4 |     349 |       0 |   0.0 |      12 |       0 |   0.0
        D:5 |     535 |     952 |  64.0 |      16 |       2 |  11.1
        D:6 |      74 |       0 |   0.0 |       4 |       0 |   0.0
            +---------+---------+-------+---------+---------+-------
